cohdb
Replays
Latest Replays
All Replays
Popular Replays
Top Player Replays
Match Explorer
How It Works
Community
CoH3 Stats
Reddit
Sign in to upload your games and track your stats! →
Sign in with Steam
Match 32295688
Unlisted
Match 32295688
Overview
Messages
Build Orders
End
Panzerpioneer Squad
Panzergrenadier Squad
250 Light Carrier
Panzergrenadier Squad
Panzergrenadier Squad
Construct Light Support Kompanie
Fire Support Elements
le.IG 18 Mechanized Group
Selects Battlefield Espionage Battlegroup
Selects 250/3 Funkpanzerwagen
Pak 38 Anti-tank Gun Team
Selects Sector Subterfuge Beacon
Selects Plunder
2.5-tonne Medical Truck
Veteran Squad Leaders
Construct Panzerarmee Kommand
Armored Reserves
Selects Advanced Ambush Training
Panzer IV Assault Group
Tungsten Core Ammunition
MG34 Team
Vehicle Survival Package
Tiger Heavy Tank
Selects Disruption Operation
Emergency Repair Kits
Disruption Operation
Disruption Operation
Walking Stuka Rocket Launcher
Selects Operation Skorpion
Advanced Field Repairs
MaXiS
Testicular Chewing Goat
0
0
Comments
sign in to comment!
No comments posted yet!